 Dungeon Crawl Stone Soup version 0.28.0 (webtiles) character file.

Game seed: 5190698318848896849

693 Davoth the Grasshopper (level 7, -3/56 HPs)
             Began as a White Draconian Warper on Feb 8, 2022.
             Was a Believer of Sif Muna.
             Killed by divine providence
             ... invoked by an orc priest
              (16 damage)
             ... on level 5 of the Dungeon.
             The game lasted 00:37:42 (5557 turns).

Davoth the Grasshopper (White Draconian Warper)     Turns: 5557, Time: 00:37:44

Health: -3/56      AC:  6    Str: 13    XL:     7   Next: 37%
Magic:  4/11       EV: 12    Int: 21    God:    Sif Muna [**....]
Gold:   212        SH:  0    Dex: 11    Spells: 0/11 levels left

rFire   . . .      SeeInvis .   h - +5 great sword (flame)
rCold   + . .      Faith    .   (shield currently unavailable)
rNeg    . . .      Spirit   .   (armour unavailable)
rPois   .          Reflect  .   (helmet restricted)
rElec   .          Harm     .   (no cloak)
rCorr   .          Rampage  .   (no gloves)
Will    .....                   (no boots)
Stlth   ++........              (no amulet)
HPRegen 0.18/turn               e - ring of wizardry
MPRegen 0.12/turn               n - +6 ring of intelligence

@: no status effects
A: breathe frost, AC +6, unfitting armour, cold resistance 1, cold-blooded
a: Breathe Frost, Renounce Religion, Channel Magic


You were on level 5 of the Dungeon.
You worshipped Sif Muna.
Sif Muna was pleased with you.
You visited 1 branch of the dungeon, and saw 5 of its levels.

You collected 212 gold pieces.

Inventory:

Hand Weapons
 a - a +0 hand axe
 h - a +5 great sword of flaming (weapon)
Jewellery
 e - a ring of wizardry (left hand)
 g - a ring of ice
 m - an amulet of the acrobat
 n - a +6 ring of intelligence (right hand)
Scrolls
 f - 3 scrolls of enchant armour
 j - a scroll of fog
Potions
 l - a potion of cancellation


   Skills:
 + Level 2.8 Fighting
 + Level 2.9 Long Blades
 + Level 2.4 Axes
 * Level 3.1 Throwing
 + Level 3.0 Dodging
 + Level 1.2 Stealth
 + Level 2.8 Spellcasting
 + Level 2.0 Conjurations
 * Level 4.6 Translocations
 + Level 1.0 Fire Magic
 + Level 1.0 Evocations


You couldn't memorise any spells.
You knew the following spells:

 Your Spells              Type           Power      Damage    Failure   Level
a - Foxfire               Conj/Fire      36%        2x1d5     2%          1
b - Teleport Other        Tloc           22%        N/A       2%          3
c - Gell's Gravitas       Tloc           22%        N/A       2%          3
d - Flame Wave            Conj/Fire      9%         2d5       26%         4

Your spell library contained the following spells:

 Spells                   Type           Power      Damage    Failure   Level
 Apportation              Tloc           44%        N/A       1%          1
 Blink                    Tloc           44%        N/A       1%          2
 Lesser Beckoning         Tloc           22%        N/A       2%          3
 Conjure Flame            Conj/Fire      9%         6-21      9%          3
 Inner Flame              Hex/Fire       5%         N/A       13%         3
 Manifold Assault         Tloc           22%        N/A       22%         5
 Alistair's Intoxication  Tmut/Pois      2%         N/A       80%         5


Dungeon Overview and Level Annotations

Branches:
Dungeon (5/15)
 Temple: D:4-7

Altars:
Cheibriados
Elyvilon
Fedhas
Okawaru
Sif Muna


Innate Abilities, Weirdness & Mutations

You can breathe waves of freezing cold which knock back foes.
Your icy white scales are hard. (AC +6)
You cannot fit into any form of body armour.
Your flesh is cold resistant. (rC+)
You are cold-blooded and may be slowed by cold attacks.


Message History

The orc priest is blown backwards by the freezing wind.
The orc priest collides with the howler monkey zombie!
The howler monkey zombie is almost destroyed.
The freezing breath hits the howler monkey zombie.
The howler monkey zombie resists.
The howler monkey zombie is almost destroyed.
The howler monkey zombie is blown backwards by the freezing wind.
The howler monkey zombie slams into the rock wall!
The howler monkey zombie is almost destroyed.
The orc priest mumbles some strange prayers to Beogh against you.
Beogh smites you!
Okay, then.
You aren't carrying any items that you can evoke.
As you read the scroll of teleportation, it crumbles to dust.
You feel strangely unstable. The orc hits you but does no damage.
The orc wizard casts a spell.
The orc wizard flickers and vanishes!
Deactivating autopickup; reactivate with Ctrl-A.
You closely miss the orc.
Your surroundings suddenly seem different.
A puff of flame appears from out of thin air!
The puff of flame hits you.
You completely miss the orc priest.
The orc priest hits you with a +2 vampiric dagger.
The orc priest calls down the wrath of Beogh upon you.
Pain shoots through your body!
The orc priest calls down the wrath of Beogh upon you.
Beogh smites you!
* * * LOW HITPOINT WARNING * * *
You closely miss the orc priest.
Your tail-slap misses the orc priest.
The orc priest hits you but does no damage.
Something hits you but does no damage.
You slash the orc priest! You burn the orc priest.
The orc priest is almost dead.
You have got your breath back.
The orc priest calls down the wrath of Beogh upon you.
You struggle to resist.
Something completely misses you.
The orc priest invokes the aid of Beogh against you.
Beogh smites you!
You die...

#.## #..## #...#
#### ##..#. #
##..## #..#
#.####.....
##..###......###.
###..Z.....###.#
#.#.o.oo.....#
#..#
#...@######.##
##.# #.#....# ..#
.# # #...... ...
#. #......... .#
.......### ..
####..### #..#
#...


You could see 2 orc priests, an orc and a howler monkey zombie.

Vanquished Creatures
  Grinder (D:4)
  Menkaure (D:4)
  A necrophage (D:4)
  A hound (D:2)
  A bullfrog skeleton (D:4)
  Ijyb (D:4)
  A hound skeleton (D:4)
  A howler monkey skeleton (D:5)
  9 adders
  An adder skeleton (D:4)
  4 worms
  3 dart slugs
  8 orcs
  7 ball pythons
  5 bats
  7 endoplasms
  3 giant cockroaches
  7 hobgoblins
  2 jackals (D:1)
  9 kobolds
  A quokka (D:4)
  3 frilled lizards
  8 goblins
  10 rats
  3 toadstools (D:1)
98 creatures vanquished.

Vanquished Creatures (others)
  A goblin (D:3)
  91 foxfires
  A toadstool (D:1)
93 creatures vanquished.

Grand Total: 191 creatures vanquished

Notes
Turn   | Place    | Note
-------+----------+-------------------------------------------
     0 | D:1      | Davoth the Draconian Warper began the quest for the Orb.
     0 | D:1      | Reached XP level 1. HP: 17/17 MP: 3/3
   203 | D:1      | Learned a level 1 spell: Foxfire
   246 | D:1      | Reached XP level 2. HP: 19/24 MP: 5/5
  1461 | D:2      | Identified a scroll of acquirement
  1461 | D:2      | Acquired a +4 great sword of flaming
  1497 | D:2      | Reached XP level 3. HP: 30/30 MP: 3/6
  1501 | D:2      | Learned a level 3 spell: Teleport Other
  1664 | D:2      | Found a faded altar of an unknown god.
  1684 | D:2      | Reached XP level 4. HP: 30/37 MP: 1/7
  1686 | D:2      | Reached skill level 1 in Throwing
  1703 | D:2      | Prayed at the altar of an unknown god.
  1703 | D:2      | Became a worshipper of Sif Muna the Loreminder
  1703 | D:2      | Reached * piety under Sif Muna
  2018 | D:2      | Reached skill level 1 in Long Blades
  2398 | D:3      | Found a shimmering blue altar of Sif Muna.
  2527 | D:3      | Found a white marble altar of Elyvilon.
  2593 | D:3      | Learned a level 3 spell: Gell's Gravitas
  2900 | D:3      | Reached XP level 5. HP: 39/42 MP: 5/8
  3023 | D:3      | Reached skill level 1 in Conjurations
  3544 | D:4      | Found a snail-covered altar of Cheibriados.
  3549 | D:4      | Reached skill level 4 in Translocations
  3805 | D:4      | Found an iron altar of Okawaru.
  3805 | D:4      | Noticed Ijyb
  3815 | D:4      | Killed Ijyb
  3860 | D:4      | Noticed a necrophage
  3863 | D:4      | Noticed Menkaure
  3886 | D:4      | Killed Menkaure
  3886 | D:4      | Reached ** piety under Sif Muna
  3887 | D:4      | Reached skill level 1 in Stealth
  3887 | D:4      | Reached skill level 1 in Fire Magic
  3887 | D:4      | Reached XP level 6. HP: 8/50 MP: 9/9
  4380 | D:4      | Noticed Grinder
  4542 | D:4      | Paralysed by Grinder for 2 turns
  4546 | D:4      | Killed Grinder
  4547 | D:4      | Your scales start taking on an icy white colour.
  4547 | D:4      | Reached XP level 7. HP: 56/56 MP: 11/11
  4547 | D:4      | Gained mutation: Your flesh is cold resistant. (rC+) [White
                  | Draconian growth]
  4725 | D:4      | Identified the +2 robe of Yketoan {Drain rF+ rC++ Str+4}
  4732 | D:4      | Found a blossoming altar of Fedhas.
  5017 | D:4      | Reached skill level 1 in Evocations
  5136 | D:5      | Entered Level 5 of the Dungeon
  5161 | D:5      | Learned a level 4 spell: Flame Wave
  5222 | D:5      | HP: 2/56 [poisoned by a water moccasin]
  5557 | D:5      | Killed from afar by an orc priest

Illustrated notes

Levels and vault maps discovered:
D:1:      ldierk_water_garden, layout_basic
D:2:      kb_forest_paths, layout_rooms, nicolae_ecumenical_snake_handling,
          dk_vineyard_3
D:3:      minmay_angry_zag, layout_loops_corners, lemuel_tele_altar,
          elyvilon_altar_4, minmay_misc_feat_pillars
D:4:      layout_basic, kennysheep_mini, mainiacjoe_overflow_surrounded_room,
          kennysheep_slug_shrine, gup_sewer_entry_spiral, uniq_ijyb,
          uniq_grinder, uniq_menkaure
D:5:      cheibrodos_fzero, layout_layer_cave, serial_shops,
          nicolae_take_the_stairs, gammafunk_ghost_split,
          nicolae_figureground_pulse

Skill      XL: |  1  2  3  4  5  6  7 |
---------------+----------------------+-----
Throwing       | 1 2 3 |  3.1
Long Blades    | 1 2 |  2.9
Conjurations   | 1 2 |  2.0
Translocations | 4 |  4.6
Stealth        | 1 |  1.2
Fire Magic     | 1 |  1.0
Dodging        | 3 |  3.0
Evocations     | 1 |  1.0
Fighting       | |  2.8
Axes           | |  2.4
Spellcasting   | |  2.8

Action                   |  1- 3 |  4- 6 |  7- 9 || total
-------------------------+-------+-------+-------++-------
Melee: Hand axe          |    53 |       |       ||    53
       Tailslap          |     5 |     3 |     3 ||    11
       Great sword       |    10 |    69 |    18 ||    97
Throw: Boomerang         |     3 |     2 |       ||     5
       Javelin           |       |    46 |     6 ||    52
 Cast: Foxfire           |    20 |    32 |     3 ||    55
       Gell's Gravitas   |       |     2 |       ||     2
       Flame Wave        |       |       |     3 ||     3
 Abil: Breathe Frost     |       |       |     2 ||     2
Evoke: Wand              |       |     8 |       ||     8
  Use: Scroll            |     4 |     6 |     3 ||    13
       Potion            |       |     3 |     2 ||     5
 Stab: Sleeping          |     2 |     1 |     1 ||     4
Armor: Skin              |    36 |    38 |    15 ||    89
Dodge: Dodged            |    67 |   100 |    20 ||   187
